 Dungeon Crawl Stone Soup version 0.30-a0-913-g9934a0ce24 (webtiles) character file.

Game seed: 6963131136077956042

20 Iniera the Cutter (level 2, -1/16 HPs)
             Began as a Vine Stalker Monk on Mar 19, 2023.
             Slain by a kobold
             ... wielding a +1 dagger of distortion
              (16 damage)
             ... on level 1 of the Dungeon.
             The game lasted 00:00:43 (701 turns).

Iniera the Cutter (Vine Stalker Monk)                Turns: 701, Time: 00:00:44

Health: -1/16      AC:  3    Str: 13    XL:     2   Next: 79%
Magic:  0/3        EV: 13    Int: 10    God:
Gold:   42         SH:  0    Dex: 22    Spells: 1/1 levels left

rFire   . . .      SeeInvis .    h - +2 dagger (protect)
rCold   . . .      Faith    .    (no shield)
rNeg    . . .      Spirit   +    b - +0 robe
rPois   .          Reflect  .    (no helmet)
rElec   .          Rampage  .    (no cloak)
rCorr   .                        f - +0 pair of gloves
Will    .....                    (no boots)
Stlth   +++                      (no amulet)
HPRegen 0.22/turn                d - +6 ring of dexterity
MPRegen 0.08/turn                (no ring)

@: no status effects
A: fangs 2, magic shield, antimagic bite, no potion heal 2
a: no special abilities


You were on level 1 of the Dungeon.
You visited 1 branch of the dungeon, and saw 1 of its levels.

You collected 42 gold pieces.

Inventory:

Hand Weapons
 a - a +0 short sword
 h - a +2 dagger of protection (weapon)
Armour
 b - a +0 robe (worn)
 f - a +0 pair of gloves (worn)
Jewellery
 d - a +6 ring of dexterity (left hand)
Scrolls
 e - a scroll of blinking {unknown}
 i - a scroll of fear {unknown}
 j - a scroll of teleportation {unknown}
 k - a scroll of noise {unknown}
Potions
 c - a potion of ambrosia
 g - a potion of mutation {unknown}


   Skills:
 + Level 2.9 Fighting
 * Level 3.2 Short Blades
 + Level 2.6 Dodging
 - Level 2.4 Stealth


You had one spell level left.
You didn't know any spells.
Your spell library was empty.

Dungeon Overview and Level Annotations

Branches:
Dungeon (1/15)

Altars:


Innate Abilities, Weirdness & Mutations

You have extremely sharp teeth.
When hurt, damage is shared between your health and your magic reserves.
Your bite disrupts and absorbs the magic of your enemies.
Potions cannot restore your health.


Message History

A rat is nearby!
The helpless rat fails to defend itself.
You impale the rat!!
You kill the rat!
No target in view!
You see here a rat corpse.
A bat comes into view.
A bat is nearby!
The bat barely misses you. The bat hits you but does no damage.
The bat barely misses you.
You hit the bat.
Your weapon exudes an aura of protection.
You kill the bat!
No target in view!
No target in view!
No target in view!
No target in view!
No target in view!
There is a staircase leading out of the dungeon here.
k - a scroll labelled TORHACZU HECI You now have 42 gold pieces (gained 14).
A giant cockroach comes into view.
The helpless giant cockroach fails to defend itself.
You impale the giant cockroach!!
Your weapon exudes an aura of protection.
You kill the giant cockroach!
No target in view!
No target in view!
No target in view!
No target in view!
Found 8 stones.
A kobold comes into view.
It is wielding a +1 dagger of distortion.
The kobold shouts!
The kobold barely misses you.
You closely miss the kobold.
The kobold hits you with a +1 dagger of distortion.
Space warps horribly around you!!
Ouch! That really hurt!
You die...

### #. #.. .. ....
###.. #. #..# .....
#. #.. ###.. #. #..
#.. ##.###. #.# #..
......K###.# ###
#.@##.#############
#..................
#...#..#...........
###.#..............
#.#.##...........
#.#.##...........
..#.##...........
###.##♣.♣.♣......
..##...........


You could see a kobold.

Vanquished Creatures
  A dart slug (D:1)
  2 ball pythons (D:1)
  3 bats (D:1)
  An endoplasm (D:1)
  A giant cockroach (D:1)
  A hobgoblin (D:1)
  A quokka (D:1)
  2 goblins (D:1)
  3 kobolds (D:1)
  2 rats (D:1)
17 creatures vanquished.

Notes
Turn   | Place    | Note
-------+----------+-------------------------------------------
     0 | D:1      | Iniera the Vine Stalker Monk began the quest for the Orb.
     0 | D:1      | Reached XP level 1. HP: 11/11 MP: 2/2
   252 | D:1      | Reached XP level 2. HP: 13/16 MP: 1/3
   307 | D:1      | Reached skill level 3 in Short Blades
   701 | D:1      | Slain by a kobold

Illustrated notes

Levels and vault maps discovered:
D:1:      reono_arrival_mine, layout_basic, serial_forest,
          infiniplex_forest_corner_1, infiniplex_forest_straight_5,
          infiniplex_forest_pool, infiniplex_forest_lined_room_,
          infiniplex_forest_lined_ring, infiniplex_forest_lined_room_3

Skill      XL: |  1  2 |
---------------+-------+-----
Short Blades   | 3 |  3.2
Fighting       | |  2.9
Dodging        | |  2.6
Stealth        | |  2.4

Action                     || total
---------------------------++-------
  Melee: Short sword       ||    13
         Bite              ||     8
         Dagger            ||    21
         Punch             ||     1
   Stab: Sleeping          ||     6
 Armour: Robe              ||    12
  Dodge: Dodged            ||    12

Table legend: (Time is in decaauts)
 A = Elapsed time spent in this place.
 B = Non-inter-level travel time spent in this place.
 C = Inter-level travel time spent in this place.
 D = Time resting spent in this place.
 E = Time spent auto-exploring this place.
 F = Levels seen in this place.
 G = Mean time per level.
                   A        B        C        D        E       F      G
               +--------+--------+--------+--------+--------+-----+--------+
         Total |    694 |    694 |      0 |      0 |    574 |   1 |  694.0 |
       Dungeon |    694 |    694 |      0 |      0 |    574 |   1 |  694.0 |
               +--------+--------+--------+--------+--------+-----+--------+

Top non-repeatable levels by time:
     D:1: 694 daAuts
